AoeStats
← Red Calypso

Hill Fort

506963906Analyzed
4v4 RM · 17d ago on Sep 16, 2026· 51m 4s· 8 players
Game mode
Random Map
Map size
Large (8 player)
Population
200
Speed
Normal
Resources
Standard
Victory
Conquest
Starting age
Dark Age
Ending age
Imperial Age
RankedLock teamsTeams togetherTeam positionsShared explorationLock speedFull tech treeHidden civsTurbo modeCheats
Victory
Defeat
🇨🇱 Koreans · Chile
1650
+9
🇸🇻 Cumans · El Salvador
1618
+10
🇦🇷 Bengalis · Argentina
1572
+12
🇦🇷 Jurchens · Argentina
1565
+12
🇺🇸 Goths · United States
1531
-14
🇲🇽 Mapuche · Mexico
1474
-10
🇦🇷 Huns · Argentina
1460
-10
🇦🇹 Wei · Austria
1445
-9
Red Calypso
11:00 Feudal Age
11:31 Double-Bit Axe
11:28 Horse Collar
12:54 Gold Mining
14:01 Stone Mining
15:59 Wheelbarrow
18:42 Castle Age
19:37 Loom
20:04 Bow Saw
19:56 Heavy Plow
23:36 Scale Barding Armor
23:42 Forging
24:15 Gold Shaft Mining
24:29 Bloodlines
24:33 Husbandry
24:57 Chain Barding Armor
31:18 Iron Casting
CAMF
11:21 Feudal Age
16:34 Castle Age
15:18 Double-Bit Axe
15:39 Horse Collar
16:21 Gold Mining
17:06 Loom
19:18 Bow Saw
19:06 Fletching
24:30 Bodkin Arrow
28:24 Ballistics
29:27 Padded Archer Armor
30:28 Heavy Plow
31:36 Leather Archer Armor
39:25 Imperial Age
37:02 Stone Mining
38:44 Wheelbarrow
37:55 Town Watch
40:26 Elite Skirmisher
41:58 Ring Archer Armor
42:39 Chemistry
43:24 Masonry
45:23 Architecture
45:33 Forging
45:23 Scale Mail Armor
45:49 Pikeman
48:19 Halberdier
50:44 Chain Mail Armor
hoffypianoman
0:27 Loom
10:50 Feudal Age
15:15 Castle Age
14:14 Double-Bit Axe
14:10 Horse Collar
17:58 Bow Saw
18:09 Heavy Plow
19:12 Wheelbarrow
22:29 Town Watch
22:42 Pikeman
23:51 Scale Mail Armor
27:43 Fletching
30:17 Bodkin Arrow
32:47 Hand Cart
37:01 Imperial Age
34:46 Anarchy
35:10 Chain Mail Armor
35:06 Forging
35:48 Squires
38:07 Iron Casting
37:04 Halberdier
40:15 Blast Furnace
40:13 Conscription
39:32 Elite Huskarl
43:04 Perfusion
46:59 Man-at-Arms
48:22 Long Swordsman
49:23 Two-Handed Swordsman
50:25 Bracer
50:16 Two-Handed Swordsman
Ginger Ale
7:46 Loom
10:22 Feudal Age
14:04 Double-Bit Axe
14:42 Horse Collar
21:17 Castle Age
20:17 Bloodlines
23:08 Marauders
23:33 Husbandry
25:43 Fletching
26:54 Scale Barding Armor
27:39 Bow Saw
33:37 Forging
36:01 Chain Barding Armor
37:35 Wheelbarrow
37:46 Gold Mining
37:49 Stone Mining
37:48 Town Watch
39:03 Hand Cart
44:22 Imperial Age
42:08 Heavy Plow
42:44 Iron Casting
43:48 Bodkin Arrow
44:29 Elite Tarkan
45:31 Conscription
45:58 Plate Barding Armor
46:40 Blast Furnace
48:27 Two-Man Saw
46:59 Cavalier
47:02 Light Cavalry
48:21 Bracer
47:56 Hussar
50:40 Gold Shaft Mining
50:18 Paladin
AxD | Cad Bane
3:14 Loom
11:35 Feudal Age
11:43 Feudal Age
16:00 Castle Age
14:45 Double-Bit Axe
15:57 Fletching
18:47 Bow Saw
19:44 Bodkin Arrow
22:45 Ballistics
28:58 Wheelbarrow
30:43 Loom
35:44 Hand Cart
35:15 Town Watch
39:25 Imperial Age
36:42 Treadmill Crane
37:46 Stone Mining
37:47 Gold Mining
37:48 Horse Collar
38:49 Eupseong
41:42 Chemistry
40:14 Elite War Wagon
42:48 Two-Man Saw
42:20 Conscription
42:12 Heavy Plow
42:44 Bracer
42:46 Scale Mail Armor
42:56 Forging
42:08 Elite Fire Lancer
42:49 Squires
42:35 Arson
42:35 Gambesons
46:01 Caravan
47:26 Chain Mail Armor
50:00 Plate Mail Armor
50:06 Iron Casting
50:29 Siege Engineers
50:35 Masonry
50:36 Fortified Wall
50:11 Arrowslits
AxD | Kurumi 002
6:20 Loom
8:24 Feudal Age
9:08 Double-Bit Axe
9:52 Horse Collar
22:01 Castle Age
20:12 Scale Barding Armor
20:51 Forging
21:02 Bloodlines
24:21 Chain Barding Armor
27:00 Iron Casting
32:48 Bow Saw
35:11 Gold Mining
35:23 Heavy Plow
36:02 Wheelbarrow
38:11 Hand Cart
37:42 Town Watch
38:36 Gold Shaft Mining
42:54 Imperial Age
44:17 Plate Barding Armor
43:04 Elite Steppe Lancer
44:45 Blast Furnace
45:17 Steppe Husbandry
45:47 Conscription
48:02 Hoardings
Cronos
9:49 Feudal Age
13:42 Castle Age
13:46 Double-Bit Axe
15:24 Loom
17:00 Fletching
17:06 Horse Collar
19:31 Bodkin Arrow
23:59 Bow Saw
24:58 Husbandry
26:29 Wheelbarrow
26:23 Padded Archer Armor
29:14 Ballistics
30:01 Hand Cart
30:38 Bloodlines
35:43 Imperial Age
33:42 Gold Mining
34:37 Heavy Plow
35:19 Gold Shaft Mining
36:28 Bracer
37:30 Chemistry
36:04 Heavy Cavalry Archer
39:05 Siege Engineers
39:10 Masonry
39:56 Elite Steppe Lancer
41:01 Scale Barding Armor
41:07 Forging
43:23 Chain Barding Armor
43:26 Light Cavalry
45:11 Fortified Bastions
45:34 Conscription
45:14 Hussar
47:49 Coinage
47:58 Plate Barding Armor
49:27 Iron Casting
49:48 Caravan
AxD | MatrixWars
10:34 Feudal Age
11:41 Loom
14:37 Castle Age
14:07 Double-Bit Axe
15:13 Town Watch
16:42 Fletching
19:24 Bodkin Arrow
21:22 Padded Archer Armor
24:07 Bow Saw
25:58 Horse Collar
26:59 Leather Archer Armor
28:21 Paiks
29:20 Ballistics
34:31 Bloodlines
35:42 Husbandry
38:37 Heavy Plow
39:44 Gold Mining
43:23 Imperial Age
41:27 Masonry
43:42 Wheelbarrow
43:23 Scale Mail Armor
43:08 Man-at-Arms
43:34 Gambesons
43:49 Squires
43:59 Long Swordsman
44:56 Chain Mail Armor
45:04 Conscription
44:56 Arson
46:19 Crop Rotation
45:49 Two-Handed Swordsman
47:43 Forging
47:33 Bracer
48:04 Ring Archer Armor
46:57 Elite Ratha (Ranged)
47:36 Champion
49:07 Fortified Wall
48:37 Treadmill Crane
49:04 Siege Engineers
50:00 Chemistry
49:59 Iron Casting
48:46 Pikeman
50:11 Gold Shaft Mining
49:26 Stone Mining
50:18 Halberdier
Connection lost

Rejoining the realm…

Still unreachable

The connection could not be restored.

Session expired

The server has moved on; the page needs a fresh start.